 Dungeon Crawl Stone Soup version 0.30.1-11-g7821555f0a (webtiles) character file.

Game seed: 7506983150279488019

14856 kelmen2 the Severer (level 11, -3/121 HPs)
             Began as a Minotaur Berserker on Dec 6, 2023.
             Was an Elder of Trog.
             Slain by an eight-headed hydra (9 damage)
             ... on level 10 of the Dungeon.
             The game lasted 00:27:55 (9492 turns).

kelmen2 the Severer (Minotaur Berserker)            Turns: 9492, Time: 00:27:56

Health: -3/121     AC: 23    Str: 23      XL:     11   Next: 94%
Magic:  10/10      EV:  9    Int:  8 (10) God:    Trog [****..]
Gold:   488        SH:  0    Dex:  9 (11) Spells: 10/10 levels left

rFire   . . .        k - +0 battleaxe
rCold   + . .        (shield currently unavailable)
rNeg    . . .        X - +0 plate armour
rPois   .            (helmet restricted)
rElec   +            L - +0 cloak
rCorr   +            t - +0 pair of gloves
SInv    .            C - +0 pair of boots
Will    .....        A - amulet of Lucidity {Faith Rampage rElec Int+4 Stlth-} Stlth
                     q - +4 ring of protection
HPRegen 0.40/turn    y - ring of Hievag {rC+ rCorr Int+2}
MPRegen 0.12/turn

%: rampage, faith
@: berserking, very quick
A: horns 2, retaliatory headbutt, [deterioration 2], [frail 2], [weak 1],
[subdued magic 2]
a: Renounce Religion, Berserk, Trog's Hand, Brothers in Arms


You were on level 10 of the Dungeon.
You worshipped Trog.
Trog was greatly pleased with you.
You visited 1 branch of the dungeon, and saw 11 of its levels.
You visited the Abyss 1 time.

You collected 576 gold pieces.
You spent 88 gold pieces at shops.

Inventory:

Hand Weapons
 a - a +0 hand axe
 k - a +0 battleaxe (weapon)
Missiles
 O - a throwing net
Armour
 b - a +0 animal skin
 g - +0 fire dragon scales
 m - a scarf of harm
 t - a +0 pair of gloves (worn)
 B - a +0 ring mail
 C - a +0 pair of boots (worn)
 L - a +0 cloak (worn)
 X - a +0 plate armour (worn)
Jewellery
 f - a ring of magical power
 j - a ring of protection from cold
 q - a +4 ring of protection (left hand)
 y - the ring of Hievag (right hand) {rC+ rCorr Int+2}
   (You found it on level 5 of the Dungeon)

   [ring of resist corrosion]

   Int:       It affects your intelligence (+2).
   rC:        It protects you from cold.
   rCorr:     It protects you from acid and corrosion.
 A - the amulet of Lucidity (around neck) {Faith Rampage rElec Int+4 Stlth-}
   (You found it on level 5 of the Dungeon)

   [amulet of faith]

   It allows you to gain divine favour quickly.
   Int:       It affects your intelligence (+4).
   rElec:     It insulates you from electricity.
   Rampage:   It bestows one free step when moving towards enemies.
   Stlth:     It makes you less stealthy.
 F - an amulet of guardian spirit
 K - an amulet of reflection
Wands
 E - a wand of digging (12)
 G - a wand of flame (51)
 H - a wand of quicksilver (18)
 Q - a wand of charming (18)
 V - a wand of mindburst (3)
 Y - a wand of roots (4)
Scrolls
 s - 2 scrolls of teleportation
 u - 3 scrolls of fear
 w - a scroll of torment
 x - 3 scrolls of enchant weapon
 z - 2 scrolls of poison
 D - a scroll of silence
 I - 2 scrolls of butterflies
 J - a scroll of fog
 M - 4 scrolls of immolation
 P - a scroll of magic mapping
 W - a scroll of identify
Potions
 c - 6 potions of curing (quivered)
 d - 4 potions of brilliance
 e - 2 potions of resistance
 h - a potion of ambrosia {unknown}
 i - 5 potions of mutation {unknown}
 l - a potion of berserk rage {unknown}
 n - 3 potions of flight
 p - a potion of might {unknown}
 r - a potion of cancellation {unknown}
 v - 4 potions of attraction {unknown}
 N - a potion of lignification {unknown}
 R - 2 potions of degeneration {unknown}
 S - a potion of haste {unknown}
 T - a potion of invisibility {unknown}
Miscellaneous
 U - a condenser vane


   Skills:
 + Level 11.0 Fighting
 + Level 16.7 Axes
 + Level 10.6 Armour
 + Level 6.5 Dodging
 + Level 1.0 Stealth


You had 10 spell levels left.
You didn't know any spells.
Your spell library was empty.

Dungeon Overview and Level Annotations

Branches:
Dungeon (11/15)            Temple (0/1) D:5
   Lair: D:8-11         Orc: D:9-12

Altars:
Kikubaaqudgha
Qazlal
Ru
Uskayaw
Zin
The Shining One

Shops:
D:3 !


Innate Abilities, Weirdness & Mutations

You have a pair of horns on your head.
You reflexively headbutt those who attack you in melee.
[Your body often deteriorates upon taking damage.]
[You are very frail. (-20% HP)]
[You are weak. (Str -2)]
[Your spells are easier to cast, but less powerful.]


Message History

The seven-headed hydra bites you.
The seven-headed hydra barely misses you.
You lop one of the seven-headed hydra's heads off!
The six-headed hydra grows two more!
You slice the eight-headed hydra!! You headbutt the eight-headed hydra!
The eight-headed hydra is heavily wounded.
A red film seems to cover your vision as you go berserk!
You feel yourself moving faster!
You feel mighty!
The eight-headed hydra bites you but does no damage. x2
The eight-headed hydra bites you.
The eight-headed hydra barely misses you.
The eight-headed hydra bites you!
* * * LOW HITPOINT WARNING * * *
The eight-headed hydra bites you but does no damage. x2
The eight-headed hydra bites you.
* * * LOW HITPOINT WARNING * * *
You barely miss the eight-headed hydra.
The eight-headed hydra is heavily wounded.
The eight-headed hydra bites you.
* * * LOW HITPOINT WARNING * * *
The eight-headed hydra bites you but does no damage. x3
The eight-headed hydra bites you.
* * * LOW HITPOINT WARNING * * *
The eight-headed hydra closely misses you.
The eight-headed hydra bites you but does no damage.
The eight-headed hydra bites you!
* * * LOW HITPOINT WARNING * * *
Calm down first, please.
You completely miss the eight-headed hydra.
You headbutt the eight-headed hydra.
The eight-headed hydra is heavily wounded.
The eight-headed hydra barely misses you.
You furiously retaliate!
You headbutt the eight-headed hydra! The eight-headed hydra bites you.
* * * LOW HITPOINT WARNING * * *
The eight-headed hydra bites you.
* * * LOW HITPOINT WARNING * * *
The eight-headed hydra bites you but does no damage. x2
The eight-headed hydra bites you!
You die...

######'#########
#......# ###.######
#..>.....# ###
#........#######..
#..............'..
#........#######..
#........# #..
#@.......# #..
#D.......# #..
#.......)# #..
####.##### ##'
#...# #.
#######'### ##
#.........#### #
#.........'..# #
#.........##.######


You could see an eight-headed hydra.

Vanquished Creatures
  An eidolon (Abyss:2)
  Pikel (D:8)
  A cyclops (D:11)
  4 elephants (D:8)
  An orange demon (Abyss:2)
  6 kobold demonologists (D:10)
  An ancient zyme (Abyss:2)
  A troll (D:10)
  Prince Ribbit (D:9)
  3 raiju (Abyss:2)
  3 flying skulls (Abyss:2)
  A fire bat (D:4)
  2 shadows
  A wraith (D:10)
  4 yaks (D:10)
  A small abomination (Abyss:2)
  A chaos spawn (Abyss:2)
  2 steam dragons
  A neqoxec (Abyss:2)
  A large abomination (Abyss:2)
  3 water moccasins (D:7)
  2 orc warriors
  2 sky beasts (D:7)
  An ice beast (D:6)
  2 black bears
  An ogre (D:5)
  6 centaurs
  3 phantoms
  A lemure (D:8)
  3 kobold brigands (D:10)
  2 gnoll sergeants
  4 bullfrogs
  2 scorpions (D:5)
  3 wights (D:9)
  12 killer bees
  5 howler monkeys
  5 hounds
  3 jellies
  4 orc priests
  3 starcursed masses (Abyss:2)
  A sleepcap (D:7)
  Jessica (D:2)
  5 iguanas
  Ijyb (D:5)
  9 orc wizards
  Robin (D:2)
  13 gnolls
  3 adders
  3 shadow imps
  2 ufetubi
  A worm (D:3)
  3 dart slugs
  22 orcs
  3 endoplasms
  3 giant cockroaches
  16 goblins
  10 hobgoblins
  3 jackals (D:2)
  11 kobolds
  3 quokkas
  6 ball pythons
  7 bats
  4 frilled lizards
  2 rats
237 creatures vanquished.

Vanquished Creatures (collateral kills)
  Erolcha (D:10)
  A large abomination (Abyss:2)
  A kobold demonologist (D:10)
  2 flying skulls (Abyss:2)
  3 starcursed masses (Abyss:2)
  A kobold brigand (D:10)
  A howler monkey (D:10)
10 creatures vanquished.

Grand Total: 247 creatures vanquished

Notes
Turn   | Place    | Note
-------+----------+-------------------------------------------
     0 | D:1      | kelmen2 the Minotaur Berserker began the quest for the Orb.
     0 | D:1      | Reached XP level 1. HP: 19/19 MP: 0/0
   133 | D:1      | Reached XP level 2. HP: 27/27 MP: 1/1
   170 | D:1      | Reached skill level 4 in Axes
   469 | D:1      | Reached ** piety under Trog
   808 | D:2      | Noticed Jessica
   818 | D:2      | Killed Jessica
   819 | D:2      | Reached XP level 3. HP: 33/33 MP: 2/2
   950 | D:2      | Reached XP level 4. HP: 27/41 MP: 3/3
   956 | D:2      | Reached skill level 5 in Axes
  1279 | D:2      | Noticed Robin
  1302 | D:2      | Killed Robin
  1552 | D:3      | Reached XP level 5. HP: 43/47 MP: 4/4
  1577 | D:3      | Found Lunes's Distillery.
  1580 | D:3      | Bought a potion of heal wounds for 55 gold pieces
  1580 | D:3      | Bought a potion of flight for 33 gold pieces
  1727 | D:3      | Reached *** piety under Trog
  2427 | D:4      | Reached skill level 5 in Fighting
  2553 | D:4      | Reached skill level 6 in Axes
  2553 | D:4      | Reached XP level 6. HP: 56/56 MP: 5/5
  2711 | D:4      | Found a transporter.
  2715 | D:4      | Noticed a fire bat
  2889 | D:4      | Found a transporter.
  2913 | D:4      | Killed a fire bat
  3112 | D:5      | Entered Level 5 of the Dungeon
  3116 | D:5      | Identified the ring of Hievag {rC+ rCorr Int+2}
  3153 | D:5      | Reached skill level 5 in Armour
  3153 | D:5      | Reached XP level 7. HP: 58/61 MP: 6/6
  3154 | D:5      | Reached skill level 7 in Axes
  3286 | D:5      | Identified the amulet of Lucidity {Faith Rampage rElec
                  | Int+4 Stlth-}
  3471 | D:5      | Reached **** piety under Trog
  3472 | D:5      | Reached skill level 8 in Axes
  3472 | D:5      | Reached XP level 8. HP: 71/71 MP: 7/7
  3484 | D:5      | Noticed Ijyb
  3494 | D:5      | Killed Ijyb
  3525 | D:5      | Found a staircase to the Ecumenical Temple.
  3601 | D:5      | Identified the +1 crystal plate armour of the Clam {Harm
                  | rCorr}
  4094 | D:6      | Reached skill level 9 in Axes
  4119 | D:6      | Found a stormy altar of Qazlal.
  4357 | D:6      | Found a glowing silver altar of Zin.
  4416 | D:6      | Reached skill level 10 in Axes
  4777 | D:7      | Reached XP level 9. HP: 56/79 MP: 8/8
  4998 | D:7      | Reached skill level 11 in Axes
  5431 | D:7      | Found a glowing golden altar of the Shining One.
  5634 | D:8      | Noticed Pikel
  5639 | D:8      | Killed Pikel
  5640 | D:8      | Reached skill level 12 in Axes
  5838 | D:8      | Noticed an elephant
  5838 | D:8      | Noticed an elephant
  5846 | D:8      | Killed an elephant
  5851 | D:8      | Killed an elephant
  5852 | D:8      | Reached XP level 10. HP: 32/90 MP: 9/9
  6055 | D:8      | Reached skill level 13 in Axes
  6110 | D:8      | Noticed an elephant
  6119 | D:8      | Reached skill level 1 in Stealth
  6121 | D:8      | Killed an elephant
  6122 | D:8      | Reached skill level 5 in Dodging
  6244 | D:8      | Noticed an elephant
  6252 | D:8      | Found an ancient bone altar of Kikubaaqudgha.
  6254 | D:8      | Killed an elephant
  6348 | D:8      | Found a hide-covered altar of Uskayaw.
  6422 | D:8      | Found a sacrificial altar of Ru.
  7189 | D:9      | Reached skill level 14 in Axes
  7257 | D:9      | Reached ***** piety under Trog
  7528 | D:9      | Noticed Prince Ribbit
  7547 | D:9      | Killed Prince Ribbit
  8056 | D:10     | Entered Level 10 of the Dungeon
  8063 | D:10     | Noticed a smoke demon
  8103 | D:10     | Reached XP level 11. HP: 78/97 MP: 10/10
  8191 | D:10     | Reached skill level 15 in Axes
  8195 | D:10     | Noticed a soul eater
  8549 | D:10     | Reached skill level 10 in Fighting
  8550 | D:10     | Reached skill level 10 in Armour
  8658 | D:10     | Noticed Erolcha
  8663 | Abyss:2  | Cast into level 2 of the Abyss (Erolcha)
  8674 | Abyss:2  | Found a corrupted altar of Lugonu.
  8730 | Abyss:2  | Noticed a starcursed mass
  8752 | Abyss:2  | Killed a starcursed mass
  8757 | Abyss:2  | Killed a starcursed mass
  8761 | Abyss:2  | Noticed a large abomination
  8765 | Abyss:2  | Killed a large abomination
  8788 | Abyss:2  | Noticed an eidolon
  8835 | Abyss:2  | Killed an eidolon
  8836 | Abyss:2  | Reached skill level 16 in Axes
  9007 | Abyss:2  | Noticed a wretched star
  9020 | Abyss:2  | Noticed a thrashing horror
  9026 | Abyss:2  | Noticed a goliath frog
  9026 | Abyss:2  | Noticed a bog body
  9026 | D:10     | Escaped the Abyss
  9030 | D:10     | Killed Erolcha
  9479 | D:11     | Noticed a six-headed hydra
  9492 | D:10     | HP: 6/121 [eight-headed hydra (4)]
  9492 | D:10     | Slain by an eight-headed hydra

Illustrated notes

Levels and vault maps discovered:
D:1:      minmay_arrival_split_and_join, layout_rooms
D:2:      layout_basic, uniq_jessica, uniq_robin
D:3:      layout_loops_ring, serial_shops, nicolae_shop_tiny_real_fake_doors
D:4:      gammafunk_cloud_chamber, layout_basic
D:5:      kennysheep_spiral_hall, layout_loops_ring, minmay_temple_entry_tees,
          uniq_ijyb
D:6:      layout_loops_cross, nicolae_qazlal_general_emergency, zin_statuary,
          kennysheep_generic_room_2
D:7:      layout_gridville, tso_oasis_becter
D:8:      wad_woods_tower, layout_basic, lemuel_coloured_pillars_altar,
          grunt_temple_overflow_open, kennysheep_generic_room_3, uniq_pikel
D:9:      layout_loops_corners, uniq_prince_ribbit1
D:10:     layout_roguey, serial_glass, glass_columns_a, glass_columns_a,
          uniq_erolcha
D:11:     layout_layer_cave, dpeg_lair_monsters, hiddenorc1_lemuel,
          minmay_misc_feat_alley, grunt_decor_clamped

Skill      XL: |  1  2  3  4  5  6  7  8  9 10 11 |
---------------+----------------------------------+-----
Axes           | 4 5 6 8 10 12 14 16 | 16.7
Fighting       | 4 5 6 7 8 9 11 | 11.0
Armour         | 3 4 5 6 8 9 10 | 10.6
Dodging        | 3 4 5 6 |  6.5
Stealth        | 1 |  1.0

Action                     |  1- 3 |  4- 6 |  7- 9 | 10-12 || total
---------------------------+-------+-------+-------+-------++-------
  Melee: Hand axe          |    64 |    91 |       |       ||   155
         Headbutt          |     8 |    20 |    22 |    48 ||    98
         Punch             |     1 |       |       |       ||     1
         Battleaxe         |       |    63 |   156 |   243 ||   462
 Invoke: Berserk           |       |     1 |     2 |     6 ||     9
         Brothers in Arms  |       |       |       |     5 ||     5
    Use: Scroll            |       |     5 |     2 |     8 ||    15
         Potion            |       |       |       |     3 ||     3
   Stab: Distracted        |       |       |     1 |       ||     1
 Armour: Animal skin       |     8 |       |       |       ||     8
         Fire dragon scale |     9 |   114 |   108 |   185 ||   416
         Plate armour      |       |       |       |    22 ||    22
  Dodge: Dodged            |    37 |    82 |   121 |   173 ||   413
